Map: 凯罗斯中转站-天梯版

Players

Replicant

  • Race: Terran Terran
  • League: Gold

Lobo - Winner!

  • Race: Protoss Protoss

Event: WESG 2018 Grand Finals

VOD

Have the link to the VOD?

Description

Time

  • Played on: March 11, 2019, 5:30 a.m.
  • Length: 5:02

All games in this series

Show
View Real Time Build Order
Export as new Build Order

Replicant Terran 

Build Orders: Cyclone Opening 

Get SALT Encoding   

  12  0:00  SCV  
  13  0:13  SCV  
  14  0:18  Supply Depot  
  14  0:25  SCV  
  15  0:31  Refinery  
  15  0:39  SCV  
  16  0:45  Barracks  
  16  0:51  SCV  
  17  1:04  SCV  
  18  1:16  SCV  
  19  1:32  Reaper, Orbital Command  
  20  1:44  Command Center  
  20  1:56  Factory  
  20  1:59  SCV  
  21  2:05  Barracks Tech Lab  
  21  2:11  SCV  
  21  2:15  Supply Depot  
  22  2:18  Refinery  
  22  2:26  SCV  
  23  2:33  Barracks Reactor  
  23  2:41  SCV  
  24  2:52  Cyclone  
  24  2:55  SCV  
  24  2:56  Orbital Command  
  28  3:08  SCV  
  28  3:11  Marine  
  28  3:12  Starport, Marine  
  31  3:20  SCV  
  31  3:26  SCV  
  32  3:27  Supply Depot  
  32  3:32  SCV  
  33  3:35  Marine x2  
  33  3:39  Factory Tech Lab, SCV  
  36  3:44  SCV  
  37  3:51  Supply Depot  
  37  3:54  Barracks  
  37  3:55  SCV  
  38  3:56  SCV  
  38  3:57  Raven  
  38  3:58  Marine  
  38  4:00  Marine  
  43  4:07  SCV  
  43  4:08  SCV  
  45  4:11  Engineering Bay  
  45  4:15  Refinery  
  42  4:18  Siege Tank  
  42  4:22  SCV x2  
  47  4:26  Marine x2  
  49  4:34  SCV x2  
  46  4:48  SCV  
Show
View Real Time Build Order
Export as new Build Order

Lobo Protoss - Winner!

Build Orders: 1 Gate Expand 

Get SALT Encoding   

  12  0:00  Probe  
  13  0:12  Probe  
  14  0:18  Pylon  
  14  0:24  Probe  
  15  0:35  Probe  
  15  0:40  Gateway  
  16  0:43  Probe  
  16  0:48  Assimilator  
  17  0:51  Probe  
  18  1:03  Probe  
  19  1:15  Probe  
  20  1:27  Cybernetics Core  
  20  1:32  Probe  
  20  1:38  Nexus  
  20  1:44  Probe  
  21  1:49  Assimilator  
  21  1:53  Adept  
  21  1:56  Pylon  
  21  2:05  Warp Gate  
  23  2:14  Probe  
  24  2:22  Stalker  
  24  2:26  Probe  
  27  2:38  Probe  
  27  2:43  Robotics Facility  
  28  2:52  Stalker  
  28  2:56  Gateway  
  28  2:57  Gateway  
  30  3:01  Probe  
  30  3:03  Probe  
  32  3:13  Probe  
  32  3:15  Probe  
  33  3:23  Warp Prism  
  33  3:25  Probe  
  33  3:26  Stalker  
  36  3:27  Probe  
  39  3:40  Probe x2  
  41  3:50  Pylon  
  41  3:52  Probe x2  
  43  3:58  Pylon  
  43  4:01  Stalker  
  45  4:04  Observer  
  46  4:18  Probe x2  
  46  4:22  Pylon  
  48  4:26  Stalker x3  
  54  4:49  Stalker x3  
Tags
 
Add a new tag
Caveats
  • Supply blocks, unpowered buildings, or Contaminate may cause inaccurate times.
  • Supply counts are checked every 10 seconds.